 Dungeon Crawl Stone Soup version 0.26-a0-720-g2a1d101370 (webtiles) character file.

Game seed: 6606589886504459648

191 marklar909 the Ruffian (level 5, 0/40 HPs)
             Began as a Draconian Transmuter on Nov 3, 2020.
             Was a Follower of Cheibriados.
             Killed from afar by an orc wizard (6 damage)
             ... with a magic dart
             ... on level 3 of the Dungeon.
             The game lasted 00:03:39 (3065 turns).

marklar909 the Ruffian (Draconian Transmuter)       Turns: 3065, Time: 00:03:40

Health: 0/40       AC:  5    Str: 17    XL:     5   Next: 41%
Magic:  0/9        EV: 13    Int: 16    God:    Cheibriados [*.....]
Gold:   184        SH:  0    Dex: 14    Spells: 4/10 levels left

rFire    . . .     SeeInvis .     - Unarmed
rCold    . . .     Faith    .   (no shield)
rNeg     . . .     Spirit   .   (armour unavailable)
rPois    .         Reflect  .   (helmet currently unavailable)
rElec    .         Harm     .   (no cloak)
rCorr    .         Rampage  .   (no gloves)
MR       .....                  (boots currently unavailable)
Stlth    +.........             (no amulet)
HPRegen  0.13/turn              (no ring)
MPRegen  0.11/turn              (no ring)

@: appendages (expiring), wereblooded, very slow
A: unfitting armour, horns 2, talons 2, cold-blooded, AC +5
a: End Transformation, Bend Time, Renounce Religion


You were on level 3 of the Dungeon.
You worshipped Cheibriados.
Cheibriados was aware of your devotion.
You had grown temporary horns.
You had grown temporary talons.
You visited 1 branch of the dungeon, and saw 3 of its levels.

You collected 184 gold pieces.

Inventory:

Jewellery
 i - an uncursed ring of ice {unknown}
 j - an uncursed ring of ice {unknown}
Scrolls
 a - a scroll of enchant armour {unknown}
 b - a scroll of enchant weapon {unknown}
 d - 2 scrolls of identify {unknown}
 e - 3 scrolls of remove curse {unknown}
 f - 2 scrolls of blinking {unknown}
 k - a scroll of magic mapping {unknown}
Potions
 g - a potion of haste {unknown}
 h - a potion of berserk rage {unknown}
 l - a potion of heal wounds {unknown}
 m - a potion of might {unknown}
 n - a potion of brilliance {unknown}


   Skills:
 + Level 1.2 Fighting
 + Level 2.3 Dodging
 + Level 0.4 Stealth
 + Level 4.2 Unarmed Combat
 - Level 3.0 Spellcasting
 * Level 3.2 Transmutations
 * Level 1.1 Poison Magic


You had 4 spell levels left.
You knew the following spells:

 Your Spells              Type           Power        Failure   Level
a - Beastly Appendage     Tmut           ##....       4%          1
b - Wereblood             Tmut           ##......     8%          2
c - Spider Form           Tmut/Pois      #.........   22%         3

Your spell library contained the following spells:

 Spells                   Type           Power        Failure   Level
 Ice Form                 Ice/Tmut       #.......     67%         4
 Blade Hands              Tmut           ##........   80%         5


Dungeon Overview and Level Annotations

Branches:
Dungeon (3/15)

Altars:
Cheibriados


Innate Abilities, Weirdness & Mutations

Your plain brown scales are hard. (AC +5)
You cannot fit into any form of body armour.
You are cold-blooded and may be slowed by cold attacks.
You have a pair of horns on your head.
You have razor-sharp toenails.


Message History

The orc closely misses you.
Unknown command.
You barely miss the orc. Your kick misses the orc. The rat closely misses you.
Unknown command.
You hit the orc. Your kick misses the orc. You headbutt the orc.
You kill the orc!
Cheibriados thoroughly appreciates the change of pace.
The rat closely misses you.
Unknown command.
You hit the rat.
You kill the rat!
Cheibriados appreciates the change of pace.
Your primal bloodlust has ended.
Unknown command.
Casting: Beastly Appendage (safe; 4% risk of failure)
Confirm with . or Enter, or press ? or * to list all spells.
Your blood is infused with primal strength.
The orc wizard gestures at you while chanting.
The magic dart hits you.
You die...

#...##...........................
#!..##.............###≈###...####
#...##.............#.#≈#.#....#
#...##...........###.#≈#.###..#
#...##...............#≈#......##
#..[.#...........###.#≈#.###...#
#...#.......o..o..#.#≈#.#.....##
+..o'.......#'#[<.###≈###......#
#...###)###.#.#@#...........#..#
#.....##o# #.#.#.#..##+##+####.>.
#.....##.###.#.#.##....##+#######
......##.[...#.#.#####..........#
..o§..########.#.######....####.#
..o#### #.#......'....+ #.# ...
#'########..†.##.#.#
..........)....#.#
...........#.###.#


You could see an orc wizard.

Vanquished Creatures
  2 orc priests (D:3)
  Terence (D:3)
  3 adders (D:2)
  An adder skeleton (D:2)
  2 worms (D:3)
  3 dart slugs (D:1)
  A leopard gecko (D:1)
  6 orcs (D:3)
  4 giant cockroaches
  8 goblins
  5 hobgoblins
  5 jackals
  3 kobolds
  A quokka (D:2)
  6 bats
  3 frilled lizards
  3 rats
57 creatures vanquished.

Notes
Turn   | Place    | Note
-------+----------+-------------------------------------------
     0 | D:1      | marklar909 the Draconian Transmuter began the quest for the
                  | Orb.
     0 | D:1      | Reached XP level 1. HP: 16/16 MP: 3/3
   237 | D:1      | Reached XP level 2. HP: 23/23 MP: 1/5
   378 | D:1      | Learned a level 2 spell: Wereblood
   527 | D:1      | Found a snail-covered altar of Cheibriados.
   709 | D:1      | Became a worshipper of Cheibriados the Contemplative
  1106 | D:2      | Reached XP level 3. HP: 27/28 MP: 2/6
  1710 | D:2      | Reached * piety under Cheibriados
  1903 | D:2      | Reached XP level 4. HP: 22/35 MP: 5/8
  2250 | D:3      | Learned a level 3 spell: Spider Form
  2414 | D:3      | Noticed Terence
  3039 | D:3      | Killed Terence
  3039 | D:3      | Reached skill level 1 in Poison Magic
  3039 | D:3      | Reached XP level 5. HP: 9/40 MP: 2/9
  3057 | D:3      | HP: 1/40 [orc wizard/magic dart (2)]
  3061 | D:3      | Reached skill level 4 in Unarmed Combat
  3065 | D:3      | Killed from afar by an orc wizard

Illustrated notes

Levels and vault maps discovered:
D:1:      dpeg_arrival_simpleton_a, layout_basic, cheibriados_altar_1
D:2:      layout_loops_cross
D:3:      layout_basic, grunt_decor_cap, uniq_natasha, uniq_sigmund,
          uniq_terence

Skill      XL: |  1  2  3  4  5 |
---------------+----------------+-----
Dodging        | 2 |  2.3
Spellcasting   | 3 |  3.0
Transmutations | 3 |  3.2
Poison Magic   | 1 |  1.1
Unarmed Combat | 4 |  4.2
Fighting       | |  1.2
Stealth        | |  0.4

Action                   |  1- 3 |  4- 6 || total
-------------------------+-------+-------++-------
Melee: Unarmed           |   109 |    74 ||   183
       Kick              |    24 |    21 ||    45
       Tailslap          |     9 |    11 ||    20
       Headbutt          |    11 |    11 ||    22
       Punch             |     1 |       ||     1
 Cast: Beastly Appendage |    29 |    10 ||    39
       Wereblood         |    23 |     7 ||    30
Invok: Bend Time         |       |     1 ||     1
  Use: Potion            |       |     1 ||     1
Armor: Skin              |    47 |    20 ||    67
Dodge: Dodged            |    86 |    60 ||   146

Table legend: (Time is in decaauts)
 A = Elapsed time spent in this place.
 B = Non-inter-level travel time spent in this place.
 C = Inter-level travel time spent in this place.
 D = Time resting spent in this place.
 E = Time spent auto-exploring this place.
 F = Levels seen in this place.
 G = Mean time per level.
                   A        B        C        D        E       F      G
               +--------+--------+--------+--------+--------+-----+--------+
         Total |   3400 |   3285 |    115 |    744 |   2013 |   3 | 1133.3 |
       Dungeon |   3400 |   3285 |    115 |    744 |   2013 |   3 | 1133.3 |
               +--------+--------+--------+--------+--------+-----+--------+

Top non-repeatable levels by time:
     D:2: 1788 daAuts
     D:1: 1165 daAuts
     D:3: 446 daAuts
